Map: 2000 Atmospheres LE

Players

Gerald - Winner!

  • Race: Protoss Protoss

souL

  • Race: Terran Terran

Event: DreamHack SC2 Masters 2021 Fall

VOD

Have the link to the VOD?

Description

Time

  • Played on: Aug. 11, 2021, 1:34 p.m.
  • Length: 11:50

All games in this series

Show
View Real Time Build Order
Export as new Build Order

Gerald Protoss - Winner!

Build Orders: 1 Gate Expand, Blink Stalkers, Zealot Archon, Colossus Rush 

Get SALT Encoding   

  12  0:00  Probe  
  13  0:12  Probe  
  14  0:17  Pylon  
  14  0:24  Probe (Chrono Boost)  
  16  0:37  Gateway, Probe (Chrono Boost)  
  16  0:42  Probe (Chrono Boost)  
  16  0:46  Assimilator  
  17  0:51  Probe  
  18  1:03  Probe  
  19  1:15  Probe  
  20  1:25  Cybernetics Core  
  20  1:27  Probe  
  21  1:35  Nexus  
  21  1:42  Pylon  
  21  1:47  Probe  
  22  1:51  Assimilator  
  22  1:59  Probe  
  22  2:00  Sentry (Chrono Boost)  
  25  2:11  Probe  
  25  2:14  Warp Gate  
  26  2:22  Gateway  
  26  2:23  Probe (Chrono Boost)  
  26  2:24  Stalker  
  29  2:33  Probe (Chrono Boost)  
  30  2:38  Probe (Chrono Boost)  
  31  2:48  Probe (Chrono Boost)  
  33  2:51  Robotics Facility  
  33  2:54  Probe (Chrono Boost)  
  34  2:59  Probe (Chrono Boost)  
  34  3:03  Probe (Chrono Boost)  
  34  3:04  Probe (Chrono Boost)  
  34  3:05  Twilight Council  
  36  3:14  Probe (Chrono Boost)  
  36  3:16  Probe (Chrono Boost)  
  38  3:26  Probe (Chrono Boost)  
  40  3:30  Probe (Chrono Boost)  
  40  3:32  Probe (Chrono Boost)  
  41  3:38  Probe  
  41  3:39  Observer  
  41  3:40  Probe  
  44  3:41  Nexus  
  44  3:43  Blink  
  44  3:49  Pylon  
  44  3:51  Probe  
  44  3:53  Assimilator, Probe  
  46  3:56  Assimilator  
  46  4:07  Observer, Probe x2  
  46  4:08  Stalker  
  51  4:14  Stalker  
  53  4:19  Probe  
  53  4:22  Pylon  
  54  4:33  Pylon  
  54  4:39  Forge  
  54  4:40  Probe x2  
  54  4:41  Robotics Bay  
  54  4:43  Stalker x2  
  62  4:52  Probe (Chrono Boost)  
  62  4:53  Probe (Chrono Boost)  
  62  4:54  Probe (Chrono Boost)  
  63  5:03  Gateway  
  63  5:04  Gateway, Probe (Chrono Boost)  
  63  5:05  Probe (Chrono Boost)  
  63  5:06  Probe (Chrono Boost)  
  66  5:10  Probe x2 (Chrono Boost)  
  66  5:11  Probe (Chrono Boost)  
  66  5:12  Shield Battery  
  66  5:13  Stalker  
  71  5:18  Protoss Ground Weapons Level 1 (Chrono Boost), Pylon, Probe x2  
  73  5:26  Photon Cannon  
  73  5:27  Colossus (Chrono Boost)  
  73  5:33  Probe x3  
  82  5:43  Gateway  
  82  5:45  Probe x2  
  82  5:46  Pylon, Extended Thermal Lance (Chrono Boost), Probe  
  82  5:49  Charge  
  85  5:56  Pylon  
  85  5:57  Probe x2  
  85  5:59  Photon Cannon  
  87  6:08  Assimilator  
  87  6:10  Colossus (Chrono Boost)  
  87  6:13  Assimilator  
  93  6:19  Probe x2  
  93  6:22  Gateway  
  93  6:25  Gateway  
  95  6:26  Probe  
  95  6:28  Pylon  
  95  6:30  Sentry x2  
  95  6:31  Zealot x2, Probe  
  95  6:32  Probe  
  105  6:41  Gateway  
  105  6:42  Gateway  
  105  6:44  Pylon  
  105  6:46  Templar Archives  
  105  6:49  Pylon x2  
  105  6:52  Colossus (Chrono Boost)  
  111  7:05  Nexus  
  111  7:09  Pylon  
  111  7:13  Zealot x2  
  111  7:14  Zealot x2  
  119  7:18  Zealot  
  119  7:19  Zealot  
  123  7:31  High Templar  
  123  7:32  Probe  
  123  7:34  Photon Cannon  
  123  7:35  Shield Battery  
  126  7:37  High Templar x3  
  126  7:38  Zealot x2  
  126  7:39  Zealot x2  
  126  7:43  Pylon  
  140  7:45  Archon  
  140  7:50  Disruptor  
  138  7:55  Zealot  
  138  7:56  Archon  
  106  8:06  Stalker x5  
  116  8:13  Protoss Ground Weapons Level 2 (Chrono Boost)  
  116  8:14  Probe x2  
  116  8:15  Psionic Storm, Probe  
  116  8:19  Probe  
  120  8:26  Colossus, Zealot, Probe x2  
  120  8:27  Zealot, Probe  
  132  8:32  Probe  
  134  8:35  Stalker  
  134  8:36  Stalker  
  134  8:38  Probe x2  
  134  8:39  Probe  
  134  8:40  Stargate  
  141  8:42  Stalker  
  141  8:43  Zealot  
  141  8:44  Zealot  
  147  8:50  Probe x2  
  147  8:52  Pylon  
  147  8:54  Assimilator  
  149  8:56  Zealot x2  
  149  8:57  Zealot  
  149  8:58  Assimilator  
  150  9:12  Probe  
  150  9:14  High Templar x2  
  150  9:16  Stalker  
  150  9:17  Stalker x4  
  155  9:23  Probe  
  162  9:25  Pylon  
  162  9:26  Probe  
  162  9:27  Colossus (Chrono Boost)  
  163  9:39  Pylon x2, Void Ray (Chrono Boost)  
  163  9:42  Gateway  
  163  9:43  Photon Cannon  
  163  9:44  Shield Battery  
  163  9:45  Gateway  
  167  9:46  Photon Cannon  
  167  9:52  Zealot x3  
  171  9:55  Probe  
  171  9:57  Probe x3  
  175  10:05  Zealot  
  175  10:06  High Templar, Zealot x2  
  183  10:07  Zealot x2  
  187  10:26  Pylon x2  
  187  10:40  Dark Shrine  
  187  10:41  Warp Prism  
  187  10:42  Pylon  
  187  10:44  Pylon  
  187  10:46  Pylon  
  173  11:10  Zealot x11  
  189  11:14  Probe  
  190  11:20  Probe  
  190  11:22  Robotics Facility  
  190  11:25  Nexus  
  185  11:30  Stalker x3  
  185  11:31  Stalker x2, Zealot  
Show
View Real Time Build Order
Export as new Build Order

souL Terran 

Build Orders:  

Get SALT Encoding   

  12  0:00  SCV  
  13  0:12  SCV  
  14  0:17  Supply Depot  
  14  0:24  SCV  
  15  0:38  SCV  
  15  0:40  Barracks  
  16  0:45  Refinery  
  16  0:50  SCV  
  17  1:02  SCV  
  18  1:15  SCV  
  19  1:28  Marine  
  19  1:29  Orbital Command  
  20  1:40  Command Center  
  20  1:47  Barracks Reactor  
  20  1:51  Supply Depot  
  20  1:55  SCV  
  21  2:08  SCV  
  22  2:09  Factory  
  22  2:19  Bunker  
  22  2:20  SCV  
  23  2:23  Marine x2  
  25  2:30  Refinery  
  25  2:35  SCV  
  26  2:41  Marine x2  
  28  2:47  SCV  
  29  2:53  Orbital Command  
  29  2:56  Starport  
  28  3:00  Widow Mine  
  30  3:06  Marine x2  
  30  3:11  SCV  
  34  3:20  SCV  
  34  3:22  Widow Mine  
  34  3:23  SCV  
  37  3:27  Marine  
  37  3:34  Supply Depot, Medivac  
  40  3:35  SCV  
  40  3:36  SCV  
  42  3:43  Widow Mine  
  42  3:46  Marine x2  
  46  3:50  Barracks  
  46  3:56  SCV x2  
  48  4:04  Marine, Supply Depot  
  48  4:07  Factory Tech Lab  
  48  4:08  SCV x2, Starport Tech Lab  
  51  4:17  Supply Depot  
  51  4:20  Marine, SCV x2  
  54  4:31  Barracks  
  54  4:32  SCV x2, Medivac  
  54  4:36  Marine  
  57  4:44  SCV x2  
  59  4:49  Stimpack, Marauder  
  59  4:55  Marine x2  
  59  4:56  SCV x2  
  59  4:59  Engineering Bay  
  62  5:02  Refinery  
  62  5:04  Supply Depot  
  62  5:07  Raven  
  62  5:08  Factory Reactor  
  62  5:09  SCV x2  
  62  5:11  Marauder  
  68  5:21  SCV x2  
  69  5:26  Marine x2  
  69  5:27  Supply Depot, Barracks Tech Lab  
  72  5:30  Supply Depot, Terran Infantry Weapons Level 1  
  72  5:32  Marauder  
  72  5:33  Refinery, SCV x2  
  76  5:43  Supply Depot  
  76  5:45  SCV, Missile Turret  
  76  5:49  Combat Shield  
  77  5:50  Marauder  
  77  5:52  SCV  
  80  5:57  SCV  
  80  6:01  Factory Reactor  
  80  6:03  Marine x3  
  84  6:06  Medivac  
  84  6:08  Supply Depot  
  86  6:11  Marine  
  86  6:12  Medivac  
  89  6:20  SCV  
  89  6:21  Marine  
  89  6:22  Marauder  
  93  6:25  SCV  
  93  6:32  Marine, SCV, Marauder  
  92  6:34  Barracks  
  92  6:38  Command Center  
  92  6:39  Medivac  
  94  6:41  Marine  
  94  6:42  Medivac  
  94  6:43  Concussive Shells, Marauder  
  99  6:50  Marine  
  99  6:51  Widow Mine x2  
  99  6:53  Barracks  
  106  6:54  Marauder  
  106  6:57  Supply Depot  
  106  6:59  Marine  
  107  7:05  Marauder  
  109  7:09  SCV  
  109  7:11  Supply Depot  
  110  7:17  Supply Depot  
  110  7:18  Marine, SCV, Widow Mine x2, Marauder  
  118  7:26  Marine  
  118  7:28  Medivac  
  117  7:30  Marauder  
  117  7:33  Medivac, Marauder  
  117  7:36  Supply Depot, SCV x2  
  123  7:40  Widow Mine  
  123  7:41  Marauder  
  127  7:48  SCV x2  
  127  7:51  SCV  
  129  7:54  Marine  
  118  8:00  SCV  
  118  8:02  Marine, SCV  
  108  8:09  Barracks Reactor  
  108  8:10  Marine  
  108  8:11  Marauder x2  
  108  8:12  Marine  
  108  8:13  SCV  
  108  8:14  Widow Mine x2  
  108  8:17  SCV  
  108  8:18  Orbital Command  
  111  8:20  Marine  
  111  8:25  SCV  
  113  8:29  Marauder  
  113  8:32  Marauder  
  113  8:33  Marine, Marauder  
  121  8:34  SCV  
  121  8:36  Medivac x2  
  125  8:42  Widow Mine  
  125  8:43  SCV, Widow Mine  
  125  8:46  Refinery, SCV x2  
  125  8:48  Refinery  
  132  8:50  Marine, Supply Depot, Marauder  
  132  8:53  Marauder  
  137  8:57  Armory  
  137  8:58  Ghost Academy, Engineering Bay  
  137  9:04  Marine, Marauder  
  137  9:08  Marine  
  141  9:10  Marine  
  141  9:17  Viking x2  
  139  9:18  Starport  
  141  9:25  SCV  
  141  9:26  SCV  
  141  9:27  SCV  
  143  9:31  Ghost x3  
  143  9:33  Enhanced Shockwaves  
  143  9:36  Command Center  
  149  9:41  Marine  
  149  9:43  Marine x2  
  152  9:51  SCV  
  153  9:54  SCV  
  153  9:57  Bunker, Missile Turret  
  153  9:59  SCV  
  155  10:00  Viking, Marauder  
  155  10:01  Viking  
  155  10:04  Refinery, Marauder  
  163  10:07  Refinery, Marine  
  163  10:08  Marauder  
  163  10:12  Viking  
  163  10:13  Marine  
  169  10:16  Marine, Viking  
  170  10:22  Marauder  
  170  10:27  Supply Depot, Marauder  
  170  10:28  Marine, Supply Depot  
  172  10:34  Viking x2  
  157  10:37  Marauder  
  157  10:40  Marine  
  158  10:44  Marine  
  158  10:45  Marauder  
  161  10:53  Marauder  
  161  10:57  Marine  
  161  10:58  Marauder  
  161  10:59  Marine  
  158  11:05  Marine  
  158  11:06  Marauder  
  158  11:07  Marine  
  157  11:15  Marine, Marauder  
  157  11:17  Marine  
  166  11:20  Marauder  
  166  11:23  Marine  
  166  11:25  Marine  
  168  11:28  Marauder  

Tags
 
Add a new tag
Caveats
  • Supply blocks, unpowered buildings, or Contaminate may cause inaccurate times.
  • Supply counts are checked every 10 seconds.